 Dungeon Crawl Stone Soup version 0.30-a0-634-g8abc85282e (webtiles) character file.

Game seed: 6697049463940391417

21 SkeletonJelly the Chopper (level 2, 0/24 HPs)
             Began as a Demonspawn Chaos Knight on Jan 15, 2023.
             Was a Plaything of Xom.
             Slain by a cane toad (shapeshifter) (22 damage)
             ... on level 1 of the Dungeon.
             The game lasted 00:00:35 (413 turns).

SkeletonJelly the Chopper (Demonspawn Chaos Knight)  Turns: 413, Time: 00:00:36

Health: 0/24       AC:  5    Str: 12    XL:     2   Next: 62%
Magic:  2/2        EV: 11    Int: 13    God:    Xom [.....*]
Gold:   70         SH:  0    Dex: 12    Spells: 1/1 levels left

rFire   . . .      SeeInvis .    a - +0 hand axe (chaos)
rCold   . . .      Faith    .    (no shield)
rNeg    . . .      Spirit   .    b - +2 leather armour
rPois   .          Reflect  .    (no helmet)
rElec   .          Harm     .    (no cloak)
rCorr   .          Rampage  .    (no gloves)
Will    .....                    (no boots)
Stlth   +                        (no amulet)
HPRegen 0.24/turn                (no ring)
MPRegen 0.08/turn                (no ring)

@: no status effects
A: powered by pain 1
a: Renounce Religion


You were on level 1 of the Dungeon.
You worshipped Xom.
You were Xom's teddy bear.
You visited 1 branch of the dungeon, and saw 1 of its levels.

You collected 70 gold pieces.

Inventory:

Hand Weapons
 a - a +0 hand axe of chaos (weapon)
Armour
 b - a +2 leather armour (worn)
Jewellery
 e - an amulet of magic regeneration
Scrolls
 d - a scroll of vulnerability {unknown}
 h - a scroll of torment {unknown}
Potions
 f - a potion of might {unknown}
 g - a potion of mutation {unknown}
Miscellaneous
 c - a piece from Xom's chessboard (15/15) (quivered)


   Skills:
 - Level 3.0 Fighting
 + Level 3.6 Axes
 - Level 1.7 Armour
 - Level 0.8 Dodging


You had one spell level left.
You didn't know any spells.
Your spell library contained the following spells:

 Spells                   Type           Power      Damage    Failure   Level
 Magic Dart               Conj           0%         1d3       36%         1
 Call Imp                 Summ           0%         N/A       52%         2
 Sublimation of Blood     Necr           0%         N/A       52%         2
 Wereblood                Tmut           0%         N/A       52%         2
 Mephitic Cloud           Conj/Pois/Air  0%         N/A       75%         3
 Summon Hydra             Summ           0%         N/A       100%        7


Dungeon Overview and Level Annotations

Branches:
Dungeon (1/15)

Altars:

Shops:
D:1 (


Innate Abilities, Weirdness & Mutations

You sometimes gain a little power by taking damage.


Message History

A monocle briefly appears over your right eye.
You are now Xom's teddy bear.
The dart slug launches a dart at you. The slug dart misses you.
A goblin comes into view. It is wielding a +0 club.
The goblin shouts!
You hit the dart slug but do no damage. The dart slug launches a dart at you.
The slug dart misses you.
You hit the goblin.
The goblin goes berserk!
Xom thinks this is hilarious!
The goblin is heavily wounded.
You hit the dart slug.
The dart slug is poisoned.
The goblin hits you with a +0 club.
The dart slug bites you but does no damage.
You take 1 damage, and have 23/24 hp.
You slash the dart slug! You burn the dart slug.
You kill the dart slug!
You hit the goblin. You freeze the goblin. The goblin hits you with a +0 club.
The goblin closely misses you.
You take 1 damage, and have 22/24 hp.
You closely miss the goblin.
The goblin is almost dead.
The goblin barely misses you. The goblin closely misses you.
You closely miss the goblin.
The goblin is almost dead.
The goblin closely misses you.
You barely miss the goblin.
The goblin is almost dead.
The goblin hits you with a +0 club. The goblin hits you but does no damage.
You take 2 damage, and have 21/24 hp.
You closely miss the goblin.
The goblin is almost dead.
The goblin barely misses you. x2
You hit the goblin.
You feel better.
You kill the goblin!
No target in view!
No target in view!
No target in view!
No target in view!
No target in view!
No target in view!
No target in view!
No target in view!
No target in view!
No target in view!
No target in view!
Things that are here:
a +0 club; a goblin corpse
h - a scroll labelled ZAYTOCWELY Health restored: 24 An endoplasm comes into view.
An endoplasm is nearby!
An endoplasm is nearby!
The endoplasm quivers.
The endoplasm freezes you.
You are frozen.
You take 2 damage, and have 22/24 hp.
You hit the endoplasm but do no damage.
The endoplasm jiggles.
The endoplasm completely misses you.
You hit the endoplasm. You freeze the endoplasm.
You kill the endoplasm!
No target in view!
No target in view!
No target in view!
No target in view!
No target in view!
No target in view!
No target in view!
No target in view!
No target in view!
No target in view!
No target in view!
No target in view!
No target in view!
No target in view!
You open the door.
A hobgoblin comes into view.
The hobgoblin shouts!
Found a scroll labelled CIROIGG QOFIDI.
Health restored: 24 A hobgoblin is nearby!
A hobgoblin is nearby!
A hobgoblin is nearby!
There is an open door here.
You completely miss the hobgoblin. The hobgoblin barely misses you.
You hit the hobgoblin.
The hobgoblin is heavily wounded.
The hobgoblin hits you.
You take 3 damage, and have 21/24 hp.
You hit the hobgoblin but do no damage.
The hobgoblin changes into a shapeshifter!
Xom thinks this is hilarious!
The shapeshifter changes into a cane toad!
You hit the cane toad but do no damage. The cane toad barely misses you.
You closely miss the cane toad. The cane toad stings you!!
Ouch! That really hurt!
You die...
Xom titters!

###
#.################
#.................
#.###############.
#.# #. #.# #. #.#
#. #@# #.
.......F.# #.
.........# #.
.........# #.
...?.....# ##
#######+## #...


You could see a cane toad shaped shifter.

Vanquished Creatures
  2 dart slugs (D:1)
  5 bats (D:1)
  4 endoplasms (D:1)
  A giant cockroach (D:1)
  A goblin (D:1)
  2 ball pythons (D:1)
15 creatures vanquished.

Notes
Turn   | Place    | Note
-------+----------+-------------------------------------------
     0 | D:1      | SkeletonJelly the Demonspawn Chaos Knight began the quest
                  | for the Orb.
     0 | D:1      | Reached XP level 1. HP: 18/18 MP: 1/1
    40 | D:1      | XOM: smoke on damage
   116 | D:1      | Gained mutation: You sometimes gain a little power by
                  | taking damage. [demonic ancestry]
   116 | D:1      | Reached XP level 2. HP: 24/24 MP: 2/2
   311 | D:1      | Found Ackarhor's Antique Weapon Boutique.
   330 | D:1      | XOM: silly message
   411 | D:1      | a hobgoblin changed into a shapeshifter
   411 | D:1      | Noticed a shapeshifter (shapeshifter)
   411 | D:1      | a shapeshifter changed into a cane toad
   411 | D:1      | Noticed a cane toad (shapeshifter)
   413 | D:1      | Slain by a cane toad (shapeshifter)

Illustrated notes

Levels and vault maps discovered:
D:1:      lightli_arrival_statue_moat, layout_basic, serial_shops, shop

Skill      XL: |  1 |
---------------+----+-----
Axes           | 3 |  3.6
Fighting       | |  3.0
Armour         | |  1.7
Dodging        | |  0.8

Action                   || total
-------------------------++-------
Melee: Hand axe          ||    43
       Punch             ||     1
Armor: Leather armour    ||    17
Dodge: Dodged            ||    38

Table legend: (Time is in decaauts)
 A = Elapsed time spent in this place.
 B = Non-inter-level travel time spent in this place.
 C = Inter-level travel time spent in this place.
 D = Time resting spent in this place.
 E = Time spent auto-exploring this place.
 F = Levels seen in this place.
 G = Mean time per level.
                   A        B        C        D        E       F      G
               +--------+--------+--------+--------+--------+-----+--------+
         Total |    418 |    418 |      0 |      0 |    308 |   1 |  418.0 |
       Dungeon |    418 |    418 |      0 |      0 |    308 |   1 |  418.0 |
               +--------+--------+--------+--------+--------+-----+--------+

Top non-repeatable levels by time:
     D:1: 418 daAuts
